 Dungeon Crawl Stone Soup version 0.31-a0-844-gdc52ec4e09 (console) character file.

Game seed: 3708668281662961327

1726977 questionabletactics the Skinwalker (level 25, 166/198 HPs)
             Began as a Spriggan Delver on Sept 28, 2023.
             Was a Follower of Uskayaw.
             Escaped with the Orb
             ... and 3 runes on Sept 29, 2023!
             The game lasted 03:45:30 (62783 turns).

questionabletactics the Skinwalker (SpDe)          Turns: 62783, Time: 03:45:30

Health: 166/198    AC: 43    Str:  8    XL:     25   Next: 64%
Magic:  37/37      EV: 53    Int: 17    God:    Uskayaw [*.....]
Gold:   5543       SH: 12    Dex: 32    Spells: 24/24 levels left

rFire   + + .        a - +9 rapier {flame, rPois rC+}
rCold   + + .        X - +3 buckler {AC+3}
rNeg    + . .        O - melded +2 robe {rC+ rF+}
rPois   ∞            A - +2 hat {Int+3}
rElec   +            V - scarf {rC+ rF+}
rCorr   .            (gloves unavailable)
SInv    +            (boots unavailable)
Will    ++++.        r - amulet of regeneration
Stlth   +++          N - ring of protection from fire
HPRegen 1.33/turn    H - +6 ring of dexterity
MPRegen 0.25/turn

%: no passive effects
@: statue-form, studying 2 skills, very slow
A: slow and powerful, torment resistance 1, boosted hp, very small, no large
weapons, unfitting armour, see invisible, (speed 3), mutation resistance 1,
passive freeze, sense surroundings 1
0: Orb of Zot
}: 3/15 runes: barnacled, silver, gossamer
a: Begin Untransformation, Renounce Religion, Stomp


You escaped.
You worshipped Uskayaw.
Uskayaw was most pleased with you.
You were a living statue of rough stone.
You visited 11 branches of the dungeon, and saw 51 of its levels.
You also visited: Ossuary, Gauntlet, Ice Cave and Volcano.

You collected 9022 gold pieces.
You spent 3479 gold pieces at shops.

Inventory:

Hand Weapons
 a - the +9 rapier of Dishonesty (weapon) {flame, rPois rC+}
   (You found it on level 6 of the Dungeon)

   rC+:       It protects you from cold.
   rPois:     It protects you from poison
 b - a +5 quick blade of freezing
 C - the +8 short sword of the Spinneret {spect, rF+ rC+ rN+ rCorr}
   (You found it in a Gauntlet)

   rF+:       It protects you from fire.
   rC+:       It protects you from cold.
   rN+:       It protects you from negative energy.
   rCorr:     It protects you from acid and corrosion.
Missiles
 w - 67 poisoned darts (quivered)
 x - 5 throwing nets
 M - a curare-tipped dart
Armour
 h - a +2 cloak
 A - a +2 hat of intelligence (worn)
 O - a +2 robe of resistance (melded)
 V - a scarf of resistance (worn)
 X - a +3 buckler of protection (worn)
Jewellery
 r - an amulet of regeneration (around neck)
 H - a +6 ring of dexterity (right fist)
 L - a +6 ring of dexterity
 N - a ring of protection from fire (left fist)
 Q - the amulet of Doubts {Spirit +Blink rF+ Regen+ Dex-5}
   (You found it in a Gauntlet)

   [amulet of guardian spirit]

   Spirit:    It causes incoming damage to be divided between your reserves of
   health and magic.
   Dex-5:     It affects your dexterity (-5).
   rF+:       It protects you from fire.
   +Blink:    It lets you blink.
   Regen+:    It increases your rate of health regeneration.
 Y - a ring of protection from fire
Talismans
 t - a maw talisman
 u - a granite talisman (active)
Wands
 k - a wand of quicksilver (22)
 v - a wand of iceblast (61)
 K - a wand of mindburst (56)
 P - a wand of polymorph (9)
 T - a wand of charming (25)
Scrolls
 c - 14 scrolls of fog
 d - 5 scrolls of poison
 i - 4 scrolls of vulnerability
 j - 2 scrolls of revelation
 l - 4 scrolls of fear
 o - 22 scrolls of teleportation
 E - 7 scrolls of enchant armour
 G - 5 scrolls of blinking
 R - a scroll of butterflies
Potions
 e - a potion of attraction
 m - 8 potions of cancellation
 n - 7 potions of ambrosia
 p - 30 potions of curing
 q - 4 potions of haste
 s - 8 potions of resistance
 z - 9 potions of heal wounds
 D - 10 potions of mutation
 I - 2 potions of magic
 J - 8 potions of might
 U - 6 potions of enlightenment
Miscellaneous
 B - a phial of floods (inert)
 F - a sack of spiders
 Z - a phantom mirror


   Skills:
 + Level 22.7 Fighting
 - Level 14.0 Short Blades
 - Level 24.2 Dodging
 - Level 21.5 Stealth
 + Level 11.6 Shields
 - Level 19.0 Invocations
 - Level 10.0 Evocations
 - Level 25.1 Shapeshifting


You had 24 spell levels left.
You didn't know any spells.
Your spell library contained the following spells:

 Spells                   Type           Power      Damage    Failure   Level
 Apportation              Tloc           0%         N/A       30%         1
 Kiss of Death            Conj/Necr      0%         2d5       30%         1
 Magic Dart               Conj           0%         1d3       30%         1
 Necrotise                Necr           0%         1d4       30%         1
 Sandblast                Erth           0%         2d4       30%         1
 Shock                    Conj/Air       0%         1d3       30%         1
 Slow                     Hex            0%         N/A       30%         1
 Sting                    Tmut/Pois      0%         1d3       30%         1
 Summon Small Mammal      Summ           0%         N/A       30%         1
 Call Imp                 Summ           0%         N/A       43%         2
 Cigotuvi's Dreadful Rot  Necr/Pois/Air  0%         N/A       43%         2
 Passwall                 Tmut/Erth      0%         N/A       43%         2
 Poisonous Vapours        Pois/Air       0%         N/A       43%         2
 Static Discharge         Conj/Air       0%         2-2/arc   43%         2
 Wereblood                Tmut           0%         N/A       43%         2
 Call Canine Familiar     Summ           0%         N/A       67%         3
 Dazzling Flash           Conj/Hex       0%         N/A       67%         3
 Frozen Ramparts          Ice            0%         1d1       67%         3
 Ignite Poison            Fire/Tmut/Pois 0%         N/A       67%         3
 Inner Flame              Hex/Fire       0%         N/A       67%         3
 Mephitic Cloud           Conj/Pois/Air  0%         N/A       67%         3
 Ozocubu's Armour         Ice            0%         N/A       67%         3
 Sigil of Binding         Hex            0%         N/A       67%         3
 Stone Arrow              Conj/Erth      0%         3d7       67%         3
 Swiftness                Air            0%         N/A       67%         3
 Tukima's Dance           Hex            0%         N/A       67%         3
 Vampiric Draining        Necr           0%         2d6       67%         3
 Volatile Blastmotes      Fire/Tloc      0%         2d10      67%         3
 Airstrike                Air            0%         2d(0-16)  97%         4
 Animate Dead             Necr           0%         N/A       97%         4
 Brom's Barrelling Bould  Conj/Erth      0%         2d3       97%         4
 Cause Fear               Hex            0%         N/A       97%         4
 Dimensional Bullseye     Hex/Tloc       0%         N/A       97%         4
 Dispel Undead            Necr           0%         3d6       97%         4
 Fulminant Prism          Conj/Hex       0%         3d5       97%         4
 Iskenderun's Mystic Bla  Conj/Tloc      0%         2d3       97%         4
 Leda's Liquefaction      Hex/Erth       0%         N/A       97%         4
 Olgreb's Toxic Radiance  Pois           0%         N/A       97%         4
 Passage of Golubria      Tloc           0%         N/A       97%         4
 Petrify                  Tmut/Erth      0%         N/A       97%         4
 Summon Lightning Spire   Summ/Air       0%         N/A       97%         4
 Vhi's Electric Charge    Tloc/Air       0%         N/A       97%         4
 Agony                    Necr           0%         N/A       100%        5
 Arcjolt                  Conj/Air       0%         1d10      100%        5
 Borgnjor's Vile Clutch   Necr/Erth      0%         N/A       100%        5
 Fireball                 Conj/Fire      0%         3d3       100%        5
 Freezing Cloud           Conj/Ice/Air   0%         6-21      100%        5
 Irradiate                Conj/Tmut      0%         3d11      100%        5
 Iskenderun's Battlesphe  Conj           0%         2d6       100%        5
 Lee's Rapid Deconstruct  Erth           0%         3d4*      100%        5
 Metabolic Englaciation   Hex/Ice        0%         N/A       100%        5
 Silence                  Hex/Air        0%         N/A       100%        5
 Yara's Violent Unravell  Hex/Tmut       0%         3d3       100%        5
 Bombard                  Conj/Erth      0%         9d1       100%        6
 Conjure Ball Lightning   Conj/Air       0%         3x3d6     100%        6
 Death Channel            Necr           0%         N/A       100%        6
 Plasma Beam              Fire/Air       0%         2x1d10    100%        6
 Simulacrum               Ice/Necr       0%         N/A       100%        6
 Starburst                Conj/Fire      0%         6d3       100%        6
 Enfeeble                 Hex            0%         N/A       100%        7
 Haunt                    Necr/Summ      0%         N/A       100%        7
 Ozocubu's Refrigeration  Ice            0%         4d7       100%        7
 Spellforged Servitor     Conj/Summ      0%         N/A       100%        7
 Summon Hydra             Summ           0%         N/A       100%        7
 Borgnjor's Revivificati  Necr           0%         N/A       100%        8
 Discord                  Hex            0%         N/A       100%        8
 Disjunction              Tloc           0%         N/A       100%        8
 Ignition                 Fire           0%         3d3       100%        8
 Lehudib's Crystal Spear  Conj/Erth      0%         10d2      100%        8
 Maxwell's Capacitive Co  Air            0%         ∞         100%        8
 Death's Door             Necr           0%         N/A       100%        9
 Dragon's Call            Summ           0%         N/A       100%        9
 Shatter                  Erth           0%         3d5*      100%        9
 Sublimation of Blood     Necr           Unusable   N/A       N/A         2

Dungeon Overview and Level Annotations

Branches:
Dungeon (15/15)            Temple (1/1) D:7            Lair (5/5) D:10
 Shoals (4/4) Lair:3       Spider (4/4) Lair:3        Slime (0/5) Lair:5
    Orc (2/2) D:11            Elf (3/3) Orc:2        Vaults (5/5) D:14
  Crypt (3/3) Vaults:2       Tomb (0/3) Crypt:3      Depths (4/4) D:15
    Zot (5/5) Depths:4    Ossuary (visited)           IceCv (visited)
Volcano (visited)         Gauntlet (visited)

Altars:
Ashenzari
Cheibriados
Dithmenos
Elyvilon
Fedhas
Gozag
Hepliaklqana
Kikubaaqudgha
Makhleb
Nemelex Xobeh
Okawaru
Qazlal
Ru
Sif Muna
Trog
Uskayaw
Vehumet
Wu Jian
Xom
Yredelemnul
Zin
The Shining One
Jiyva
Lugonu

Shops:
D:1 :   D:14 (   D:15 (   Orc:1 [   Orc:2 *([!   Elf:1 :   Elf:2 :(=((
Shoals:2 [*   Vaults:3 !   Vaults:5 ?   Depths:3 (

Portals:
Hell: Depths:1 Depths:2 Depths:3 Depths:4
Abyss: Depths:2 Depths:3
Pandemonium: Depths:2
Ziggurat: Depths:1

Annotations:
D:1 exclusion: gnoll
D:10 1 runed translucent door, Cancer's ghost, journeyman GrEE
Lair:1 2 transporters, quinnr's ghost, journeyman TeVM
Lair:5 1 runed translucent door
Spider:2 1 runed translucent door, quinnr's ghost, adept TeAE


Innate Abilities, Weirdness & Mutations

You are a living statue of rough stone.
Your actions are slow, but your melee attacks are powerful.
You are resistant to unholy torment.
Your maximum health is greatly increased.
Your equipment is partially melded.
You are very small and have problems with some larger weapons.
You are too small for most types of armour.
You are immune to poison.
You have supernaturally acute eyesight. (SInv)
((You cover ground extremely quickly. (Speed+++)))
You are somewhat resistant to further mutation.
A frigid envelope surrounds you and freezes all who hurt you.
You passively map a small area around you.


Message History

The fireball explodes!
The fireball engulfs the sun demon.
The sun demon completely resists.
The fireball engulfs you! You resist. The sun demon misses you.
You hit the sun demon but do no damage. The sun demon misses you.
You puncture the sun demon!
The sun demon is lightly wounded.
The balrug gestures at you.
The bolt of fire hits the sun demon.
The sun demon completely resists.
The bolt of fire hits the sun demon.
The sun demon completely resists.
The bolt of fire misses you. The sun demon completely misses you.
A Hell Sentinel comes into view.
Blink to where?
Press: ? - help, Dir - move target
As you read the scroll of blinking, it crumbles to dust.
The Hell Sentinel moves out of view.
There is a stone staircase leading up here.
You climb upwards.
Level annotation: exclusion: gnoll
There is a stone staircase leading down here.
HP restored.
A Tzitzimitl comes into view.
The Tzitzimitl moves out of view.
The Tzitzimitl gestures at you. The bolt of negative energy misses you.
The Tzitzimitl calls on the powers of darkness!
Your body is wracked with pain!
Blink to where?
Press: ? - help, Dir - move target
As you read the scroll of blinking, it crumbles to dust.
Blink to where?
Press: ? - help, Dir - move target A ynoxinul comes into view.
As you read the scroll of blinking, it crumbles to dust.
The ynoxinul gestures.
The ynoxinul gestures at you. The iron shot misses you.
You block the ufetubus's attack. The ufetubus completely misses you.
There is a staircase leading out of the dungeon here.
The ufetubus completely misses you. You block the ufetubus's attack.
The ufetubus completely misses you. x2
You have escaped!

##.1# #...#### #..##
#.#..... #'###
###'#####.
#§#.#♣♣♣♣♣#.#.#####.
#.............##....
#..♣..♣.♣..♣..##.###
#~#♣♣..~..♣♣#~##.# #
#≈#P♣1~~~.♣P#≈##.# #
#≈#85.~8~..>#≈##.#
#≈#P♣3~≈~.♣P#≈##.#
#~#♣♣..~..♣♣#~##.#
#..♣..♣.♣..♣..##.#
#.............##.#
#.#.#♣♣♣♣♣#.#.##.#
#'### ###'##.#
#.##########..##.#
#................#


You could see a Tzitzimitl, a ynoxinul and an ufetubus (summoned).

Vanquished Creatures
  2 dread liches
  Mara (Spider:3)
  2 ancient liches
  An orb of fire (Zot:5)
  A juggernaut (Depths:2)
  Vv (Crypt:1)
  4 Killer Klowns
  5 caustic shrikes
  6 golden dragons
  A profane servitor (Crypt:3)
  the Enchantress (Depths:3)
  2 bone dragons
  A Brimstone Fiend (D:15)
  An electric golem (Zot:5)
  A walking crystal tome (Depths:4)
  4 tentacled monstrosities
  A Hell Sentinel (D:6)
  24 Orb Guardians
  5 liches
  A walking divine tome (Depths:2)
  2 deep elf blademasters (Elf:3)
  2 quicksilver dragons
  A walking earthen tome (Depths:2)
  6 titans
  2 deep elf master archers (Elf:3)
  4 sphinxes
  A quicksilver dragon (shapeshifter) (Vaults:5)
  Polyphemus (Shoals:3)
  3 death cobs (Zot:4)
  3 ancient champions
  Gastronok (D:8)
  4 tengu reavers
  3 Executioners
  8 shadow dragons
  6 storm dragons
  A revenant (Crypt:3)
  Donald (Shoals:4)
  7 frost giants
  A draconian monk (Zot:5)
  7 deep elf sorcerers
  11 fire giants
  8 emperor scorpions
  2 draconian knights
  3 draconian scorchers (Zot:5)
  7 deep elf elementalists
  3 iron dragons
  3 balrugs
  6 ghost moths
  A curse skull (Vaults:2)
  An orc warlord (Vaults:1)
  5 draconian stormcallers
  20 vault wardens
  2 draconian shifters (Zot:5)
  A reaper (IceCv)
  5 spriggan defenders
  A formless jellyfish (Vaults:2)
  9 ghouls
  23 very ugly things
  7 war gargoyles
  21 ironbound preservers
  2 quicksilver oozes (Vaults:3)
  8 stone giants
  Nessos (D:14)
  10 ironbound thunderhulks
  2 red draconians
  4 green draconians
  8 vampire knights
  3 black draconians
  Azrael (Orc:2)
  8 yellow draconians
  10 deep elf demonologists
  5 purple draconians
  5 dire elephants
  A minotaur (Gauntlet)
  9 deep elf annihilators
  10 spark wasps
  9 white draconians
  2 eidola
  4 merfolk javelineers
  15 ettins
  27 jiangshi
  11 deep elf death magi
  2 crystal guardians (Vaults:4)
  7 merfolk impalers
  3 deep elf high priests
  6 entropy weavers
  7 fire dragons
  Josephine (Lair:5)
  A spriggan zombie (Crypt:1)
  35 vault guards
  5 great orbs of eyes
  16 yaktaur captains
  A salamander tyrant (Depths:1)
  3 hydras
  4 spriggan air magi
  8 ironbound frosthearts
  2 rakshasas
  A hell beast (D:8)
  4 peacekeepers (Vaults:4)
  Erica (D:8)
  4 ogre magi
  14 centaur warriors
  4 radroaches
  3 spriggan skeletons
  2 catoblepae
  6 ice dragons
  A boulder beetle (shapeshifter) (Vaults:5)
  A merfolk avatar (Shoals:2)
  3 merfolk aquamancers
  2 death knights (Crypt:3)
  5 boulder beetles
  34 dancing weapons
  10 deep troll shamans
  3 two-headed ogres
  An alligator snapping turtle (Shoals:1)
  An alligator (Lair:5)
  13 death yaks
  A jorogumo (Spider:4)
  4 tengu warriors
  14 demonic crawlers
  8 vampire magi
  6 satyrs
  7 deep troll earth magi
  3 orc high priests (Orc:2)
  4 spriggan berserkers
  Urug (D:13)
  7 sun demons
  2 skysharks
  11 hell knights
  13 iron trolls
  6 shadow wraiths
  18 deep elf knights
  2 salamander mystics
  A sixfirhy (Depths:3)
  A soul eater (Vaults:2)
  A sun moth (Spider:4)
  10 pharaoh ants
  18 skeletal warriors
  A goliath frog (shapeshifter) (Elf:2)
  4 sea snakes
  49 deep trolls
  8 wizards
  16 deep elf archers
  7 flayed ghosts
  3 glowing orange brains
  18 phantasmal warriors
  8 orb spiders
  3 lindwurms (Vaults:2)
  8 orc knights
  7 steelbarb worms
  A harpy (shapeshifter) (D:13)
  6 harpies
  20 ironbound convokers
  A spectral ettin (Crypt:3)
  12 necromancers
  26 deep elf pyromancers
  18 fauns
  23 ugly things
  15 deep elf zephyrmancers
  5 orc sorcerers
  5 salamanders
  7 moths of wrath
  4 cyclopes
  20 wolf spiders
  An elephant (shapeshifter) (D:14)
  12 manticores
  An eye of devastation (Spider:4)
  4 molten gargoyles (Volcano)
  11 merfolk sirens
  26 vault sentinels
  4 black mambas
  Maurice (Orc:1)
  2 dire elephant zombies (Crypt:2)
  15 elephants
  3 smoke demons
  3 torpor snails
  4 water nymphs
  22 cane toads
  2 naga skeletons (Crypt:1)
  2 ice statues (IceCv)
  An unseen horror (D:6)
  A dire elephant skeleton (Crypt:1)
  A gargoyle (D:11)
  A rime drake (Lair:2)
  A white draconian zombie (Crypt:1)
  7 freezing wraiths
  Jeremiah (D:7)
  A yellow draconian zombie (Crypt:1)
  3 kobold demonologists
  2 efreet (Volcano)
  16 komodo dragons
  9 ice devils
  3 tengu conjurers
  3 anaconda simulacra
  38 yaktaurs
  2 hydra zombies
  A harpy zombie (Crypt:1)
  A grey draconian skeleton (Crypt:2)
  5 trolls
  A polar bear (shapeshifter) (D:14)
  A red devil (Gauntlet)
  8 wind drakes
  4 meliai
  24 merfolk
  2 wind drakes (shapeshifter)
  A hellwing (Depths:2)
  A merfolk (shapeshifter) (Vaults:5)
  2 tyrant leeches (Lair:5)
  12 hornets
  16 tarantellas
  A harpy skeleton (Crypt:1)
  2 dream sheep (Lair:5)
  18 blink frogs
  9 snapping turtles
  45 slime creatures
  24 culicivoras
  7 spriggans
  52 flying skulls
  A ynoxinul (D:14)
  A culicivora (shapeshifter) (D:12)
  12 wraiths
  17 jumping spiders
  A vampire (D:11)
  19 water elementals
  An air elemental (Elf:1)
  3 shadows
  16 fire elementals
  A human (shapeshifter) (Elf:3)
  2 golden eyes
  6 large abominations
  3 wyverns (Lair:4)
  51 yaks
  A chaos spawn (Depths:2)
  4 basilisks
  A neqoxec (D:15)
  3 steam dragons
  Grum (D:8)
  14 vampire mosquitoes
  67 redbacks
  A warg (Orc:2)
  A fire bat zombie (Crypt:2)
  5 harpy simulacra (IceCv)
  A merfolk zombie (Crypt:2)
  A glowing shapeshifter zombie (Crypt:2)
  2 hydra simulacra (IceCv)
  3 acid dragons
  17 water moccasins
  Duvessa (D:6)
  3 floating eyes
  11 hell hounds
  3 black bears
  19 orc warriors
  4 sky beasts
  An ice beast (D:5)
  An elephant zombie (Crypt:1)
  8 boggarts (D:15)
  10 ogres
  6 wolves
  6 centaurs
  A snapping turtle skeleton (Crypt:1)
  A phantom (D:6)
  6 kobold brigands
  6 necrophages
  22 bullfrogs
  A gnoll sergeant (D:9)
  7 small abominations
  A yaktaur skeleton (Crypt:1)
  A draconian skeleton (Crypt:2)
  4 earth elementals
  3 scorpions (D:6)
  7 wights
  Dowan (D:6)
  An elephant simulacrum (IceCv)
  7 killer bees
  5 electric eels
  A jelly (D:5)
  10 howler monkeys
  3 crimson imps (Gauntlet)
  6 centaur zombies
  A hound (shapeshifter) (Elf:2)
  A quasit (Depths:1)
  A human zombie (D:9)
  13 orc priests
  2 gnoll boudas
  6 hounds
  A human skeleton (Crypt:2)
  3 iguanas
  26 orc wizards
  A sleepcap (D:6)
  Ijyb (D:2)
  6 hell rats (Lair:3)
  2 spriggan simulacra
  2 wolf simulacra (Lair:1)
  A killer bee zombie (D:9)
  2 ogre zombies
  A tengu skeleton (Crypt:2)
  11 mummies
  A howler monkey zombie (D:9)
  13 gnolls
  2 naga simulacra (IceCv)
  11 adders
  2 shadow imps (D:7)
  4 adder zombies (Ossuary)
  A worm (D:2)
  A dart slug (D:2)
  67 orcs
  5 endoplasms
  2 giant cockroaches (D:3)
  16 goblins
  5 hobgoblins
  33 kobolds
  4 quokkas
  7 ball pythons
  6 bats
  2 frilled lizards
  4 goblin zombies (Ossuary)
  4 hobgoblin zombies (Ossuary)
  5 kobold zombies (Ossuary)
  4 quokka zombies (Ossuary)
  9 rats
  4 rat zombies (Ossuary)
2226 creatures vanquished.

Vanquished Creatures (collateral kills)
  A water moccasin (D:10)
  An orc warrior (D:10)
  An orc priest (D:10)
  An orc wizard (D:10)
  An orc (D:10)
5 creatures vanquished.

Vanquished Creatures (others)
  An ancient lich (Vaults:5)
  A draconian knight (Zot:4)
  A ghost moth (Zot:5)
  A merfolk impaler (Shoals:4)
  A deep elf knight (Elf:3)
  A sea snake (Shoals:4)
  A wizard (D:15)
  A deep elf zephyrmancer (Elf:2)
  A faun (Shoals:1)
  A fire elemental (Elf:2)
  A water elemental (Elf:2)
  An orc warrior (Elf:1)
  An earth elemental (Volcano)
  An orc priest (Orc:2)
  A dart slug (D:3)
  2 ball pythons (D:3)
  A bat (D:3)
  An endoplasm (D:3)
  A kobold (D:3)
  2 spectral weapons (Orc:2)
22 creatures vanquished.

Grand Total: 2253 creatures vanquished

Notes
Turn   | Place    | Note
-------+----------+-------------------------------------------
     0 | D:5      | questionabletactics the Spriggan Delver began the quest for
                  | the Orb.
     0 | D:5      | Reached XP level 1. HP: 11/11 MP: 2/2
   109 | D:4      | Noticed an orc wizard
   109 | D:4      | Noticed an orc priest
   109 | D:4      | Noticed a hound
   708 | D:2      | Reached XP level 2. HP: 11/16 MP: 3/3
   787 | D:1      | Found Wyhyiff's Book Emporium.
  1007 | D:1      | Reached XP level 3. HP: 19/19 MP: 4/4
  1301 | D:1      | Found a faded altar of an unknown god.
  1319 | D:1      | Found a faded altar of an unknown god.
  2145 | D:2      | Reached skill level 1 in Shapeshifting
  2241 | D:2      | Found a stormy altar of Qazlal.
  2527 | D:3      | Identified the +0 scale mail of Epluja {Str-5 Int+3}
  2705 | D:2      | Noticed Ijyb
  2752 | D:2      | Reached XP level 4. HP: 23/23 MP: 5/5
  3048 | D:3      | Found a shimmering altar of Xom.
  3205 | D:3      | Reached skill level 2 in Shapeshifting
  4025 | D:4      | Reached XP level 5. HP: 27/27 MP: 6/6
  4106 | D:4      | Reached skill level 3 in Shapeshifting
  4363 | D:5      | Noticed an ogre
  4429 | D:5      | Reached skill level 5 in Dodging
  4440 | D:5      | Noticed an ogre
  4449 | D:5      | Noticed an ogre
  4893 | D:5      | Reached skill level 4 in Shapeshifting
  5108 | D:4      | Reached XP level 6. HP: 24/32 MP: 7/7
  5746 | D:5      | Noticed a water moccasin
  6019 | D:5      | Noticed an ice beast
  6083 | D:6      | Noticed a steam dragon
  6142 | D:6      | Noticed Dowan
  6143 | D:6      | Found a sand-covered staircase.
  6150 | Ossuary  | Entered an ossuary
  6352 | Ossuary  | Reached XP level 7. HP: 30/35 MP: 8/8
  7330 | D:5      | Reached skill level 1 in Evocations
  7913 | D:6      | Reached XP level 8. HP: 39/39 MP: 9/9
  7927 | D:7      | Reached skill level 10 in Stealth
  8041 | D:7      | Reached skill level 5 in Short Blades
  8962 | D:5      | Reached skill level 10 in Dodging
  8962 | D:5      | Reached XP level 9. HP: 43/43 MP: 10/10
  9064 | D:6      | Noticed an unseen horror
  9088 | D:6      | Killed an unseen horror
  9090 | D:6      | Identified the +9 rapier of Dishonesty {flame, rPois rC+}
  9465 | D:7      | Found a staircase to the Ecumenical Temple.
  9529 | Temple   | Entered the Ecumenical Temple
  9850 | D:7      | Noticed Jeremiah
 10011 | D:8      | Noticed a two-headed ogre
 10046 | D:8      | Killed a two-headed ogre
 10213 | D:8      | Noticed Gastronok
 10249 | D:9      | Found a hide-covered altar of Uskayaw.
 10250 | D:9      | Found a glowing golden altar of the Shining One.
 10553 | D:9      | Found a snail-covered altar of Cheibriados.
 10662 | D:9      | Found an ancient bone altar of Kikubaaqudgha.
 10716 | D:9      | Reached XP level 10. HP: 49/49 MP: 11/11
 10877 | D:10     | Entered Level 10 of the Dungeon
 10887 | D:10     | Found a runed translucent door.
 10887 | D:10     | Noticed Cancer's ghost (journeyman GrEE)
 11063 | D:9      | Found an opulent altar of Gozag.
 11147 | D:9      | Identified the +2 war axe of the Common Good {flame, *Rage
                  | rC+ rCorr}
 11401 | D:9      | Became a worshipper of Uskayaw the Reveller
 11433 | D:10     | Reached * piety under Uskayaw
 11477 | D:10     | Reached ** piety under Uskayaw
 11487 | D:10     | Reached skill level 1 in Invocations
 11487 | D:10     | Reached *** piety under Uskayaw
 11626 | D:10     | Reached **** piety under Uskayaw
 11871 | D:10     | Found a staircase to the Lair.
 11926 | D:10     | Reached skill level 5 in Fighting
 12118 | D:10     | Reached ***** piety under Uskayaw
 12126 | D:10     | Reached ****** piety under Uskayaw
 12135 | D:10     | Reached skill level 5 in Invocations
 12489 | D:10     | Reached XP level 11. HP: 33/57 MP: 16/16
 13001 | D:8      | Noticed Grum
 13024 | D:8      | Killed Grum
 13781 | D:8      | Noticed Erica
 14355 | D:6      | Reached skill level 1 in Shields
 14646 | D:2      | Killed Ijyb
 15098 | Lair:1   | Entered Level 1 of the Lair of Beasts
 15108 | Lair:1   | Noticed quinnr's ghost (journeyman TeVM)
 15196 | Lair:1   | Found a frozen archway.
 15209 | IceCv    | Entered an ice cave
 15723 | IceCv    | Noticed a reaper
 15727 | IceCv    | Killed a reaper
 16047 | Lair:1   | You fall into a shaft and drop 1 floor!
 16224 | Lair:1   | Reached XP level 12. HP: 62/62 MP: 17/17
 16266 | Lair:1   | Found a transporter.
 16267 | Lair:1   | Found a transporter.
 16556 | Lair:1   | Reached skill level 5 in Evocations
 16615 | Lair:1   | Noticed a four-headed hydra
 16700 | Lair:1   | Identified the +1 dire flail of Keis {freeze, +Blink Fly
                  | Int+3}
 17104 | Lair:1   | Upgraded the game from 0.31-a0-841-g038b102fc3 to
                  | 0.31-a0-844-gdc52ec4e09
 17202 | Lair:2   | Reached skill level 5 in Shapeshifting
 17258 | Lair:2   | Noticed a boulder beetle
 17314 | Lair:2   | Killed a boulder beetle
 17315 | Lair:2   | Reached skill level 15 in Dodging
 17352 | Lair:2   | Reached skill level 6 in Shapeshifting
 17816 | Lair:3   | Reached skill level 7 in Shapeshifting
 17939 | Lair:3   | Reached skill level 8 in Shapeshifting
 17952 | Lair:3   | Found a hole to the Spider Nest.
 17963 | Lair:3   | Found a dark tunnel.
 17982 | Volcano  | Entered a volcano
 18805 | Volcano  | Reached XP level 13. HP: 64/68 MP: 18/18
 18825 | Volcano  | Reached skill level 9 in Shapeshifting
 19655 | Lair:3   | Found a staircase to the Shoals.
 19836 | Lair:3   | Reached skill level 10 in Shapeshifting
 20171 | Lair:4   | Found a hazy altar of Hepliaklqana.
 20511 | Lair:4   | Reached skill level 11 in Shapeshifting
 20676 | Lair:4   | Reached skill level 12 in Shapeshifting
 21805 | Lair:4   | Reached skill level 13 in Shapeshifting
 22100 | Lair:5   | Entered Level 5 of the Lair of Beasts
 22235 | Lair:5   | Reached skill level 14 in Shapeshifting
 22557 | Lair:5   | Reached XP level 14. HP: 73/73 MP: 20/20
 22674 | Lair:5   | Reached skill level 15 in Shapeshifting
 22849 | Lair:5   | Identified the +1 mace "Wyustaep" {flame, Int+3}
 23010 | Lair:5   | Noticed Josephine
 23062 | Lair:5   | Killed Josephine
 23198 | Lair:5   | Found a runed translucent door.
 23198 | Lair:5   | Noticed an acid blob
 23199 | Lair:5   | Found a viscous altar of Jiyva.
 23200 | Lair:5   | Found a staircase to the Slime Pits.
 23200 | Lair:5   | Noticed an acid blob
 23328 | Lair:5   | Reached skill level 10 in Short Blades
 24246 | D:8      | Killed Erica
 24526 | D:8      | Killed Gastronok
 24997 | D:7      | Killed Jeremiah
 25071 | D:6      | Noticed Duvessa
 25077 | D:6      | Killed Duvessa
 25078 | D:6      | Killed Dowan
 25314 | D:11     | Found a staircase to the Orcish Mines.
 26079 | D:11     | Found a sacrificial altar of Ru.
 26550 | D:12     | Found a gate leading to a gauntlet.
 26559 | Gauntlet | Entered a Gauntlet
 26559 | Gauntlet | Found a transporter.
 26559 | Gauntlet | Found a transporter.
 26565 | Gauntlet | Found a transporter.
 26576 | Gauntlet | Found a runed translucent door.
 26579 | Gauntlet | Found a transporter.
 26594 | Gauntlet | Found a transporter.
 26595 | Gauntlet | Found a transporter.
 26595 | Gauntlet | Found a transporter.
 26597 | Gauntlet | Found a transporter.
 26597 | Gauntlet | Found a transporter.
 26609 | Gauntlet | Found a transporter.
 26622 | Gauntlet | Noticed a reaper
 26625 | Gauntlet | Found a transporter.
 26635 | Gauntlet | Found a transporter.
 26650 | Gauntlet | Found a transporter.
 26670 | Gauntlet | Found a transporter.
 26764 | Gauntlet | Identified the +8 short sword of the Spinneret {spect, rF+
                  | rC+ rN+ rCorr}
 26863 | Gauntlet | Identified the amulet of Doubts {Spirit +Blink rF+ Regen+
                  | Dex-5}
 26955 | Gauntlet | Identified the +0 hat of the Cockroach {Harm rPois Int+3
                  | Stlth+}
 27554 | D:13     | Noticed Urug
 27557 | D:13     | Killed Urug
 27651 | D:13     | Reached skill level 15 in Stealth
 27708 | D:13     | Reached XP level 15. HP: 80/80 MP: 21/21
 27863 | D:13     | Reached skill level 10 in Fighting
 28252 | D:14     | Found Zaommam's Antique Weapon Boutique.
 28259 | D:14     | Noticed Nessos
 28274 | D:14     | Killed Nessos
 28286 | D:14     | Bought a quick blade for 465 gold pieces
 28419 | D:14     | Found a gate to the Vaults.
 29455 | Orc:1    | Entered Level 1 of the Orcish Mines
 29647 | Orc:2    | Entered Level 2 of the Orcish Mines
 29732 | Orc:1    | Noticed Maurice
 29744 | Orc:1    | Killed Maurice
 30067 | Orc:2    | Noticed Azrael
 30231 | Orc:2    | Killed Azrael
 30333 | Orc:2    | Found a staircase to the Elven Halls.
 30345 | Orc:1    | Found Geretzoa's Armour Shoppe.
 30714 | Orc:2    | Found Laal's Assorted Antiques.
 30714 | Orc:2    | Found Suph's Distillery.
 30717 | Orc:2    | Found Jodufuil's Weapon Shoppe.
 30717 | Orc:2    | Found Atoczox's Armour Boutique.
 30755 | Orc:2    | Bought a scroll labelled MIEZU CINYR for 29 gold pieces
 30763 | Orc:2    | Bought a potion of curing for 51 gold pieces
 30763 | Orc:2    | Bought a potion of heal wounds for 85 gold pieces
 30763 | Orc:2    | Bought a potion of curing for 51 gold pieces
 30763 | Orc:2    | Bought a potion of curing for 51 gold pieces
 30978 | D:15     | Entered Level 15 of the Dungeon
 30978 | D:15     | Found Takhlunor's Weapon Emporium.
 31745 | D:15     | Reached skill level 16 in Shapeshifting
 31773 | D:15     | Found a staircase to the Depths.
 31774 | D:15     | Noticed a fire giant
 31784 | D:15     | Killed a fire giant
 32169 | Spider:1 | Entered Level 1 of the Spider Nest
 32739 | Spider:1 | Noticed an emperor scorpion
 32769 | Spider:1 | Killed an emperor scorpion
 32770 | Spider:1 | Reached XP level 16. HP: 87/87 MP: 23/23
 33228 | Spider:2 | Found a runed translucent door.
 33231 | Spider:2 | Noticed quinnr's ghost (adept TeAE)
 33995 | Spider:3 | Reached skill level 17 in Shapeshifting
 34228 | Spider:3 | Noticed Mara
 34229 | Spider:3 | Killed Mara
 34606 | Spider:4 | Entered Level 4 of the Spider Nest
 34609 | Spider:4 | Reached skill level 18 in Shapeshifting
 35546 | Spider:4 | Reached XP level 17. HP: 95/95 MP: 22/24
 36238 | Spider:4 | Got a gossamer rune of Zot
 36425 | Shoals:1 | Entered Level 1 of the Shoals
 36491 | Shoals:1 | Reached skill level 10 in Invocations
 37345 | Shoals:2 | Found Duech's Desiderata Depot.
 37356 | Shoals:2 | Bought a manual of Dodging for 1440 gold pieces
 37604 | Shoals:2 | Found Ydixy's Antique Armour Boutique.
 37779 | Shoals:3 | Noticed Polyphemus
 37807 | Shoals:3 | Killed Polyphemus
 38436 | Shoals:4 | Entered Level 4 of the Shoals
 38484 | Shoals:4 | Noticed Donald
 38485 | Shoals:4 | Killed Donald
 39092 | Shoals:4 | Reached XP level 18. HP: 100/100 MP: 28/28
 39129 | Shoals:4 | Got a barnacled rune of Zot
 39227 | Shoals:4 | Identified the +0 robe "Tibua" {Will+ rCorr Str-4 Slay+4}
 39366 | Shoals:4 | Identified the +8 ring mail of the Alphagorgon {Harm rC++
                  | Regen+ Int+3}
 40025 | Elf:1    | Entered Level 1 of the Elven Halls
 40324 | Elf:1    | Found an ancient bone altar of Kikubaaqudgha.
 40706 | Elf:1    | Found Uzobumit's Book Shoppe.
 40859 | Elf:1    | Noticed a Tzitzimitl
 41260 | Elf:1    | Found a runed translucent gate.
 41260 | Elf:1    | Found a runed translucent gate.
 41260 | Elf:1    | Found a runed translucent gate.
 41260 | Elf:1    | Found a runed translucent gate.
 41260 | Elf:1    | Found a runed translucent gate.
 41263 | Elf:1    | Found a runed translucent gate.
 41480 | Elf:2    | Found Riam's Jewellery Shop.
 41496 | Elf:2    | Found Gorid's Weapon Boutique.
 41672 | Elf:2    | Identified the +5 whip "Kiogupli" {flame, +Blink Stlth+}
 41692 | Elf:2    | Found Xeodghuuff's Weapon Shop.
 41944 | Elf:2    | Found Toaqawyok's Book Emporium.
 41946 | Elf:2    | Found Pypomam's Weapon Boutique.
 42122 | Elf:2    | Found a runed translucent gate.
 42122 | Elf:2    | Found a runed translucent gate.
 42141 | Elf:2    | Found a runed translucent gate.
 42449 | Elf:2    | Reached XP level 19. HP: 107/107 MP: 29/29
 42477 | Elf:2    | Reached skill level 19 in Shapeshifting
 42813 | Elf:3    | Entered Level 3 of the Elven Halls
 42822 | Elf:3    | Reached skill level 15 in Fighting
 43584 | Elf:3    | Reached skill level 20 in Shapeshifting
 43738 | Elf:3    | Identified the +9 falchion of the Moth {vamp, rPois rF-
                  | rC+}
 43738 | Elf:3    | Identified the amulet of Paranoia {RegenMP *Corrode Int+2
                  | Slay+3 Stlth+}
 43921 | Elf:3    | Identified the +1 robe of the Game of Kings {Rampage Will-
                  | Str+3 Dex+4}
 44210 | Elf:3    | Identified the +0 helmet of the Other World {rCorr Str+3}
 44217 | Elf:3    | Identified the staff "Hineisesk" {rElec Dex+4 Air}
 44219 | Elf:3    | Got an antique book
 44244 | Elf:3    | Got a curling book
 44600 | Vaults:1 | Entered Level 1 of the Vaults
 45194 | Vaults:1 | Reached skill level 21 in Shapeshifting
 45306 | Vaults:1 | Reached XP level 20. HP: 114/114 MP: 30/30
 45850 | Vaults:2 | Identified the +2 leather armour of Iggeor {rN+ Regen+
                  | Dex+4}
 46125 | Vaults:2 | Found a staircase to the Crypt.
 46514 | Vaults:2 | Reached skill level 22 in Shapeshifting
 46799 | Vaults:2 | Identified the +1 robe of the Apprentice {Harm Will++
                  | Slay-2}
 47436 | Vaults:3 | Found Zeniqas's Distillery.
 47470 | Vaults:3 | Bought 2 potions of curing for 102 gold pieces
 47470 | Vaults:3 | Bought a potion of heal wounds for 85 gold pieces
 47690 | Vaults:3 | You fall into a shaft and drop 1 floor!
 47910 | Vaults:4 | Reached skill level 23 in Shapeshifting
 48035 | Vaults:4 | Reached XP level 21. HP: 83/119 MP: 33/33
 48039 | Vaults:4 | Reached skill level 15 in Invocations
 48111 | Vaults:4 | Got a whispering book
 48207 | Vaults:4 | Identified the +0 ring mail of the Bespelled God {Harm
                  | *Corrode rC+ Str+2}
 49058 | Vaults:3 | Found a runed translucent door.
 49436 | Depths:1 | Entered Level 1 of the Depths
 49561 | Depths:1 | Reached skill level 24 in Shapeshifting
 49692 | Depths:1 | Found a one-way gateway to a ziggurat.
 49762 | Depths:1 | Found a gateway to Hell.
 50066 | Depths:2 | Found a corrupted altar of Lugonu.
 50066 | Depths:2 | Found a one-way gate to the infinite horrors of the Abyss.
 50570 | Depths:2 | Noticed a caustic shrike
 50583 | Depths:2 | Noticed a golden dragon
 50596 | Depths:2 | Killed a golden dragon
 50633 | Depths:2 | Killed a caustic shrike
 50838 | Depths:2 | Noticed a juggernaut
 50873 | Depths:2 | Killed a juggernaut
 50874 | Depths:2 | Reached skill level 25 in Shapeshifting
 50983 | Depths:2 | Found a one-way gate leading to the halls of Pandemonium.
 51077 | Depths:2 | Identified the +0 halberd of Dissent {spect, rElec rN++
                  | MP+9 Stlth+}
 51091 | Depths:2 | Reached skill level 5 in Shields
 51168 | Depths:2 | Reached XP level 22. HP: 124/124 MP: 35/35
 51299 | Depths:2 | Identified the +1 robe "Edodd" {Drain *Slow rElec SInv}
 51612 | Depths:2 | Paralysed by a floating eye for 3 turns
 51647 | Depths:2 | Noticed a golden dragon
 51653 | Depths:2 | Killed a golden dragon
 52090 | Depths:3 | Found Xamn's Weapon Boutique.
 52644 | Depths:3 | Noticed the Enchantress
 52663 | Depths:3 | Killed the Enchantress
 52741 | Depths:4 | Entered Level 4 of the Depths
 52743 | Depths:4 | Noticed a caustic shrike
 52744 | Depths:4 | Noticed a caustic shrike
 52746 | Depths:4 | Noticed a caustic shrike
 52746 | Depths:4 | Noticed a caustic shrike
 52752 | Depths:3 | Killed a caustic shrike
 52768 | Depths:3 | Killed a caustic shrike
 52922 | Depths:4 | Killed a caustic shrike
 52937 | Depths:4 | Killed a caustic shrike
 53153 | Depths:4 | Found a gate to the Realm of Zot.
 53549 | Depths:4 | Found a shimmering blue altar of Sif Muna.
 53995 | Crypt:1  | Entered Level 1 of the Crypt
 54170 | Crypt:1  | Noticed Vv
 54179 | Crypt:1  | Killed Vv
 54191 | Crypt:1  | Reached XP level 23. HP: 133/133 MP: 36/36
 55404 | Crypt:2  | Noticed a dread lich
 55412 | Crypt:2  | Killed a dread lich
 55772 | Crypt:3  | Entered Level 3 of the Crypt
 56096 | Crypt:3  | Found an ancient bone altar of Kikubaaqudgha.
 56391 | Crypt:3  | Identified the +2 ring mail of Altruism {rF+ Will- rCorr
                  | Str+3}
 56620 | Crypt:3  | Reached skill level 10 in Evocations
 56705 | Crypt:3  | Found a staircase to the Tomb.
 56705 | Crypt:3  | Noticed an ancient lich
 56721 | Crypt:3  | Killed an ancient lich
 57210 | Vaults:5 | Entered Level 5 of the Vaults
 57736 | Vaults:4 | Reached XP level 24. HP: 141/141 MP: 37/37
 58248 | Vaults:5 | Noticed an ancient lich
 58267 | Vaults:5 | Killed an ancient lich
 58278 | Vaults:5 | Identified the staff "Xom's Full Attention" {rPois Dex+2
                  | Poison}
 58352 | Vaults:5 | Identified the +10 mace of the Everdark {antimagic, Drain
                  | Int+5}
 58484 | Vaults:5 | Got a silver rune of Zot
 58487 | Vaults:5 | Got a weird book
 58502 | Vaults:5 | Identified the +4 chain mail of the Original Sin {Rampage
                  | Drain +Inv Str+2}
 58852 | Vaults:5 | Identified the +1 leather armour "Orit" {rElec MP+9}
 59166 | Vaults:5 | Found Ihocrini's Magic Scroll Shop.
 59282 | Vaults:5 | Bought a scroll of acquirement for 832 gold pieces
 59282 | Vaults:5 | Bought a scroll of teleportation for 48 gold pieces
 59282 | Vaults:5 | Bought a scroll of blinking for 120 gold pieces
 59282 | Vaults:5 | Bought a scroll of blinking for 120 gold pieces
 59285 | Vaults:5 | Acquired 641 gold pieces
 60183 | Zot:1    | Entered Level 1 of the Realm of Zot
 60229 | Zot:4    | Noticed a Killer Klown
 60336 | Zot:4    | Noticed a Killer Klown
 60354 | Zot:4    | a Killer Klown changed into a titan
 60392 | Zot:4    | Killed a Killer Klown
 60454 | Zot:5    | Entered Level 5 of the Realm of Zot
 60454 | Zot:5    | Noticed a Killer Klown
 60475 | Zot:5    | Noticed an ancient lich
 60483 | Zot:5    | Killed a Killer Klown
 60537 | Zot:5    | Acquired a manual of Shields
 60570 | Zot:5    | Reached XP level 25. HP: 151/151 MP: 37/37
 61011 | Zot:5    | Noticed an ancient lich
 61027 | Zot:5    | Killed an ancient lich
 61033 | Zot:5    | Noticed an orb of fire
 61036 | Zot:5    | Noticed a Killer Klown
 61047 | Zot:5    | Gained mutation: You have hidden genetic defects. [an orb
                  | of fire]
 61048 | Zot:5    | Gained mutation: You are vulnerable to cold. (rC-) [an orb
                  | of fire]
 61049 | Zot:5    | Gained mutation: Your magical capacity is low. (-10% MP)
                  | [an orb of fire]
 61054 | Zot:5    | Gained mutation: You have terrible hidden genetic defects.
                  | [an orb of fire]
 61055 | Zot:5    | Killed an orb of fire
 61060 | Zot:5    | Killed a Killer Klown
 61089 | Zot:5    | Lost mutation: You have terrible hidden genetic defects.
                  | [potion of mutation]
 61089 | Zot:5    | Lost mutation: Your magical capacity is low. (-10% MP)
                  | [potion of mutation]
 61089 | Zot:5    | Lost mutation: You are vulnerable to cold. (rC-) [potion of
                  | mutation]
 61089 | Zot:5    | Gained mutation: You are agile. (Dex +4, Str/Int -1)
                  | [potion of mutation]
 61089 | Zot:5    | Gained mutation: A frigid envelope surrounds you and
                  | freezes all who hurt you. [potion of mutation]
 61093 | Zot:5    | Lost mutation: You have hidden genetic defects. [potion of
                  | mutation]
 61093 | Zot:5    | Lost mutation: You are agile. (Dex +4, Str/Int -1) [potion
                  | of mutation]
 61093 | Zot:5    | Gained mutation: You are somewhat resistant to further
                  | mutation. [potion of mutation]
 61093 | Zot:5    | Gained mutation: You passively map a small area around you.
                  | [potion of mutation]
 61183 | Zot:5    | Noticed a Killer Klown
 61193 | Zot:5    | Noticed a dread lich
 61213 | Zot:5    | Killed a dread lich
 61245 | Zot:5    | Killed a Killer Klown
 61324 | Zot:5    | Reached skill level 10 in Shields
 62014 | Zot:5    | Got the Orb of Zot
 62115 | Zot:2    | Noticed Ashror the pandemonium lord
 62783 | D:$      | Escaped with the Orb!

Illustrated notes

Levels and vault maps discovered:
D:1:      tarquinn_simple_flora_water_b, layout_basic, serial_shops, shop,
          hellmonk_ecumenical_altar_the_god_not_taken
D:2:      kennysheep_the_goblin_king, layout_basic, basic_altar
D:3:      layout_basic, xom_confusion_cloud
D:4:      layout_loops_ring
D:5:      layout_loops_corners
D:6:      minmay_chambers_of_fours, layout_loops_ring,
          chequers_ossuary_entry_cave, serial_park_tiny_1,
          roderic_roman_lattice, uniq_duvessa
D:7:      layout_loops_ring, minmay_temple_entry_fiery, uniq_jeremiah
D:8:      layout_loops_ring, uniq_erica, uniq_grum, uniq_gastronok
D:9:      layout_basic, nicolae_gozag_cash_rules_everything_around_me,
          lemuel_mausoleum_altar_kikubaaqudgha, nicolae_overflow_hidden_temple,
          minivault_26
D:10:     layout_irregular_city, due_lair_maze_entry_diamond,
          gammafunk_ghost_grave
D:11:     layout_basic, erik_orc_3, chequers_serial_rivers_micro_b,
          minmay_misc_feat_hallway, nicolae_ru_the_path_less_chosen
D:12:     layout_basic, gauntlet_entry_generic
D:13:     layout_loops_cross, uniq_urug
D:14:     layout_layer_cave, david_vaults_2, serial_shops,
          nicolae_stop_n_shop_2, uniq_nessos
D:15:     hellmonk_depths_entry_around_the_bend, layout_cross, serial_shops,
          shop, serial_co_window_serial, co_window_corner_a, co_window_corner_a,
          co_window_paths_a, co_window_corner_a, co_window_corner_a,
          co_window_paths_b, co_window_corner_a, co_window_corner_cb,
          co_window_broadway_a, co_window_corner_ca, co_window_broadway_c,
          co_window_broadway_a, co_window_corner_b, co_window_paths_e,
          co_window_sun, glass_columns_a, glass_columns_a, glass_columns_a,
          glass_columns_c
Temple:   nicolae_temple_superstar
Lair:1:   layout_roguey, nzn_ghost_randoct, portal_ice_cave_entry_ice_simulacra,
          hibernation_bobbens
Lair:2:   layout_misc_corridors, minivault_26, serial_bayou_shore_b
Lair:3:   layout_chaotic_city, elwin_shoals_entry_stream, spider_nest_entry_a,
          enter_volcano_3
Lair:4:   layout_gridlike, basic_altar, beast_lair_carwin_7
Lair:5:   minmay_lair_end_frog_pond, layout_cave_pods, slime_entry_2,
          serial_rivers, chequers_serial_rivers_room_b,
          chequers_serial_rivers_small_3, chequers_serial_rivers_micro_a,
          chequers_serial_rivers_room_b, chequers_serial_rivers_micro_b,
          chequers_serial_rivers_micro_b, minmay_shattered_shrine,
          uniq_josephine
Shoals:1: layout_shoals, nicolae_shoals_stone_sculpture_thing
Shoals:2: layout_shoals, serial_shops, shop, nicolae_alphabet_shops
Shoals:3: layout_shoals, uniq_polyphemus
Shoals:4: shoals_end_grunt_garden, layout_shoals, uniq_donald
Spider:1: layout_spider_delve, nicolae_spider_shape,
          hangedman_spider_tarantella_strand
Spider:2: nicolae_spider_hilbert_zone_7 [nicolae_spider_hilbert_4_sides_1_open,
          nicolae_spider_hilbert_4_sides_1_open,
          nicolae_spider_hilbert_4_sides_1_open,
          nicolae_spider_hilbert_4_sides_1_open,
          nicolae_spider_hilbert_3_sides_1_open,
          nicolae_spider_hilbert_3_sides_1_open,
          nicolae_spider_hilbert_3_sides_1_open,
          nicolae_spider_hilbert_3_sides_1_open,
          nicolae_spider_hilbert_4_sides_1_open,
          nicolae_spider_hilbert_4_sides_1_open,
          nicolae_spider_hilbert_4_sides_1_open,
          nicolae_spider_hilbert_2_sides_1_open,
          nicolae_spider_hilbert_2_sides_1_open,
          nicolae_spider_hilbert_2_sides_1_open,
          nicolae_spider_hilbert_2_sides_1_open,
          nicolae_spider_hilbert_2_sides_1_open,
          nicolae_spider_hilbert_2_sides_1_open], ebering_ghost_inner_flame
Spider:3: layout_spider_delve, uniq_mara
Spider:4: grunt_spider_rune_circles, lemuel_hornet_nest
Orc:1:    layout_caves, serial_shops, nicolae_shop_stone, uniq_maurice
Orc:2:    grunt_orc_tribal_feast, layout_diamond_mine,
          mumra_transporter_accident, uniq_azrael
Elf:1:    eino_elf_arrival_shootout, layout_gridlike, serial_shops,
          nicolae_shop_rolling_square, basic_altar, orc_legates,
          lemuel_statue_altar, chequers_big_river
Elf:2:    nicolae_elf_blades_splatter_lattice [mumra_blade_entry_dagger],
          layout_gridlike, serial_shops, shop, shop,
          nicolae_shop_advertising_works [nicolae_subvault_shop_adworks],
          nicolae_shop_bloodbath_and_beyond, shop, drop_trap,
          grunt_ministairs_6, minivault_16
Elf:3:    grunt_elf_hall_asides, layout_geoelf_octagon
Vaults:1: nicolae_vaults_shipping_containers_3,
          nicolae_vaults_ring_of_whatevers, nicolae_vaults_network_quinsquares
          [nicolae_vaults_network_quincunx_subvault,
          nicolae_vaults_network_quincunx_subvault,
          nicolae_vaults_network_quincunx_subvault,
          nicolae_vaults_network_quincunx_subvault],
          nicolae_vaults_little_squares_1, nicolae_vaults_puzzle_piece,
          hangedman_vaults_variations, vaults_mumra_chevron_long,
          hangedman_vaults_impose, v_misc_27, vaults_room_octagon,
          vaults_room_fancy_cross, layout_vaults_maze_bifur
Vaults:2: vaults_dpeg_encased_lava, vaults_room_semicircle,
          ontoclasm_vaults_ligature, v_misc_13, nicolae_vaults_more_shelving_1,
          ontoclasm_vaults_idyll, minmay_crypt_entry_simple_box,
          nicolae_vaults_heist, nicolae_vaults_twisting_passages,
          nicolae_vaults_border_crossing, vaults_room_large_hall,
          nicolae_vaults_heart-shaped_vault, vaults_room_grunt_arrival_ludios,
          layout_vaults_omnicross
Vaults:3: nicolae_vaults_offset_grid_hallway_3, vaults_room_door_hall,
          v_misc_15, nicolae_vaults_storage_closets_3, vaults_room_pool,
          nicolae_vaults_closet_pinwheel_1, nicolae_vaults_oozy_zoo,
          nicolae_vaults_surprise_closet, layout_vaults_omnigrid, serial_shops,
          nicolae_shop_crystal
Vaults:4: nicolae_vaults_shelves_hall, hangedman_vaults_slice,
          nicolae_vaults_variable_pillar_hall, ontoclasm_vaults_chip,
          nicolae_vaults_library_corner, nicolae_vaults_tetromino_T_2,
          v_misc_12, vaults_dpeg_diagonal, ontoclasm_vaults_eye,
          nicolae_vaults_door_testing_chamber,
          nicolae_vaults_doubleplus_tesselated, nicolae_vaults_little_squares_6,
          layout_vaults_omnibox
Vaults:5: serial_shops
Crypt:1:  layout_gridlike, grunt_crypt_arrival_split,
          roderic_lattice_octagonal_star, lemuel_upstairs_altar, uniq_vv
Crypt:2:  layout_catacombs, minmay_misc_feat_columns, grunt_ministairs_2,
          uniq_grunn
Crypt:3:  grunt_crypt_end_deaths_head
Depths:1: layout_basic, enter_ziggurat_a, nemelex_diamond_rough_becter,
          pf_hell_entry_tar_spiral, minmay_misc_feat_encased, st_stairs_11,
          serial_bayou_lake_a, uniq_aizul
Depths:2: nicolae_fronds_of_death, layout_basic, abyss_entry_flame_altar,
          rand_demon_pan_entry_3, grunt_decor_fettered, hell_entry,
          minmay_staircase_statues, uniq_josephina
Depths:3: nicolae_BIG_FREAKIN_CUBE, layout_cave_pools, serial_shops, shop,
          hell_entry, abyss_entry, uniq_enchantress
Depths:4: evilmike_zot_entry_argh, layout_cave_shapes, lightli_too_deep,
          nicolae_sif_muna_condensation
Zot:1:    gammafunk_mikee_crab_dinner, layout_onion, nicolae_diode_quadrants
Zot:2:    layout_onion_interference, gammafunk_ghost_mausoleum, st_stairs_5
Zot:3:    layout_twisted_circle
Zot:4:    grunt_zot_stairs_faceoff, layout_onion
Zot:5:    layout_onion

Skill      XL: |  1  2  3  4  5  6  7  8  9 10 11 12 13 14 15 16 17 18 19 20 21 22 23 24 25 |
---------------+----------------------------------------------------------------------------+-----
Stealth        | 8 9 11 14 15 18 20 21 | 21.5
Dodging        | 3 4 5 6 8 10 13 15 16 20 24 | 24.2
Shapeshifting  | 1 2 4 8 14 15 16 18 21 23 25 | 25.1
Short Blades   | 3 4 6 7 8 12 13 14 | 14.0
Evocations     | 3 6 7 8 10 | 10.0
Fighting       | 3 6 7 8 9 11 13 14 16 17 19 21 22 | 22.7
Invocations    | 6 8 12 14 17 19 | 19.0
Shields        | 4 5 6 7 11 | 11.6

Action                     |  1- 3 |  4- 6 |  7- 9 | 10-12 | 13-15 | 16-18 | 19-21 | 22-24 | 25-27 || total
---------------------------+-------+-------+-------+-------+-------+-------+-------+-------+-------++-------
  Melee: Short sword       |   105 |   157 |   188 |    32 |   215 |       |       |       |       ||   697
         Punch             |     2 |       |     2 |     3 |       |       |       |       |       ||     7
         Rapier            |       |       |    69 |   528 |   895 |  1597 |  1598 |  2178 |   418 ||  7283
         Maw               |       |       |       |       |   100 |       |       |       |     3 ||   103
         Quick blade       |       |       |       |       |       |    14 |       |       |       ||    14
  Throw: Stone             |    14 |       |       |       |       |       |       |       |       ||    14
         Dart              |     9 |    20 |    17 |    24 |    13 |       |     1 |       |       ||    84
 Invoke: Grand Finale      |       |       |       |     1 |       |     1 |     2 |     1 |       ||     5
         Stomp             |       |       |       |     1 |       |       |       |     1 |       ||     2
         Line Pass         |       |       |       |       |       |       |       |     1 |       ||     1
Ability: Begin Untransform |       |       |     1 |       |       |       |       |       |       ||     1
  Evoke: Wand              |       |     1 |    21 |    21 |    31 |     9 |     3 |    13 |     6 ||   105
         Phial of floods   |       |       |       |       |       |       |       |       |     1 ||     1
    Use: Scroll            |     2 |     7 |    11 |     9 |    12 |     5 |     7 |    11 |     5 ||    69
         Potion            |       |     2 |       |    13 |       |       |     2 |       |     9 ||    26
   Stab: Sleeping          |    12 |    25 |    31 |    42 |    85 |    47 |    37 |    40 |     2 ||   321
         Distracted        |       |     2 |     2 |     8 |    13 |     8 |     9 |    15 |       ||    57
         Paralysed         |       |       |       |    20 |    60 |   100 |   126 |   153 |    31 ||   490
         Invisible         |       |       |       |     1 |       |       |       |       |     4 ||     5
         Confused          |       |       |       |       |       |       |       |     1 |       ||     1
 Armour: Robe              |    33 |    33 |    52 |   114 |    20 |       |       |       |       ||   252
         Skin              |       |       |       |       |   207 |   487 |   352 |   490 |    93 ||  1629
  Dodge: Dodged            |    54 |   108 |   158 |   319 |  1076 |  2412 |  1997 |  2927 |   579 ||  9630
  Block: Buckler           |       |       |       |    52 |   349 |   704 |   673 |  1262 |   255 ||  3295
   Form: Beast             |     1 |     1 |       |       |       |       |       |       |       ||     2
                           |     1 |       |       |       |     2 |       |       |       |       ||     3
         Maw               |       |       |       |       |     2 |       |       |       |     1 ||     3
         Statue            |       |       |       |       |     4 |       |       |       |     1 ||     5

Table legend: (Time is in decaauts)
 A = Elapsed time spent in this place.
 B = Non-inter-level travel time spent in this place.
 C = Inter-level travel time spent in this place.
 D = Time resting spent in this place.
 E = Time spent auto-exploring this place.
 F = Levels seen in this place.
 G = Mean time per level.
                   A        B        C        D        E       F      G
               +--------+--------+--------+--------+--------+-----+--------+
         Total |  72327 |  66253 |   6074 |  10250 |  31310 |  55 | 1315.0 |
       Dungeon |  19985 |  17304 |   2681 |   1935 |   8895 |  15 | 1332.3 |
        Temple |      1 |      0 |      1 |      0 |      0 |   1 |    1.0 |
          Lair |   6502 |   5927 |    575 |   1189 |   2576 |   5 | 1300.4 |
        Shoals |   5380 |   4918 |    462 |    360 |   2708 |   4 | 1345.0 |
   Spider Nest |   5860 |   5581 |    279 |    793 |   2761 |   4 | 1465.0 |
  Orcish Mines |   2205 |   1989 |    216 |    313 |   1050 |   2 | 1102.5 |
   Elven Halls |   6253 |   6085 |    168 |   1260 |   2961 |   3 | 2084.3 |
        Vaults |  10501 |   9520 |    981 |   1240 |   5247 |   5 | 2100.2 |
         Crypt |   4114 |   3959 |    155 |     10 |   2299 |   3 | 1371.3 |
        Depths |   6080 |   5545 |    535 |    526 |   2688 |   4 | 1520.0 |
           Zot |   2503 |   2486 |     17 |   1054 |      0 |   5 |  500.6 |
       Ossuary |    780 |    780 |      0 |    343 |     45 |   1 |  780.0 |
      Ice Cave |    713 |    713 |      0 |    434 |      0 |   1 |  713.0 |
       Volcano |    862 |    862 |      0 |    659 |      0 |   1 |  862.0 |
      Gauntlet |    582 |    582 |      0 |    130 |     76 |   1 |  582.0 |
               +--------+--------+--------+--------+--------+-----+--------+

Top non-repeatable levels by time:
Vaults:4: 3000 daAuts
   Elf:3: 2277 daAuts
Vaults:5: 2130 daAuts
   Elf:1: 2124 daAuts
Depths:2: 2082 daAuts
   Zot:5: 2074 daAuts
    D:15: 2059 daAuts
  Lair:5: 2033 daAuts
Spider:4: 1991 daAuts
    D:14: 1976 daAuts
Vaults:2: 1890 daAuts
  Lair:4: 1890 daAuts
   Elf:2: 1851 daAuts
    D:11: 1793 daAuts
Vaults:1: 1786 daAuts
